 Dungeon Crawl Stone Soup version 0.29.1-2-gbd0b4ee654 (webtiles) character file.

Game seed: 11155610015459933804

3502 Icepheonix32 the Martial Artist (level 10, -13/59 HPs)
             Began as an Octopode Transmuter on Nov 18, 2022.
             Was an Initiate of Gozag.
             Mangled by an orc warlord
             ... wielding a +5 battleaxe
              (35 damage)
             ... in a bailey.
             The game lasted 00:18:28 (10211 turns).

Icepheonix32 the Martial Artist (OpTm)             Turns: 10211, Time: 00:18:30

Health: -13/59     AC:  2    Str: 12    XL:     10   Next: 7%
Magic:  10/15      EV: 24    Int: 16    God:    Gozag
Gold:   513        SH:  0    Dex: 19    Spells: 3/16 levels left

rFire   . . .      SeeInvis +     - Unarmed
rCold   + . .      Faith    .   (shield currently unavailable)
rNeg    . . .      Spirit   .   (helmet currently unavailable)
rPois   x          Reflect  .   (no amulet)
rElec   +          Harm     .   q - ring "Tudibur" {Wiz Drain *Slow rElec SInv}
rCorr   .          Rampage  .   A - ring of protection from cold
Will    .....                   B - ring of wizardry
Stlth   ++........              (no ring)
HPRegen 0.19/turn               (no ring)
MPRegen 0.14/turn               (no ring)
                                (no ring)
                                (no ring)

@: spider-form
A: venomous fangs, almost no armour, (amphibious), 8 rings, tiny, (camouflage
1), (gelatinous body 1), (nimble swimmer 1), (tentacles)
a: End Transformation, Renounce Religion, Potion Petition, Call Merchant, Bribe
Branch


You were in a bailey.
You worshipped Gozag.
Gozag was pleased with you.
You were a venomous arachnid creature.
You visited 2 branches of the dungeon, and saw 9 of its levels.
You also visited: Sewer, Ossuary and Bailey.

You collected 668 gold pieces.
You spent 36 gold pieces at shops.
You paid 119 gold pieces to Gozag.

Inventory:

Magical Staves
 j - a staff of fire
Jewellery
 p - the ring "Siuver" {rF- rC+ MP+9 Dex+2 SInv}
   (You found it on level 5 of the Dungeon)

   [ring of see invisible]

   Dex:       It affects your dexterity (+2).
   rF:        It makes you vulnerable to fire.
   rC:        It protects you from cold.
   MP:        It affects your magic capacity (+9).
   SInv:      It lets you see invisible.
 q - the ring "Tudibur" (left front leg) {Wiz Drain *Slow rElec SInv}
   (You acquired it in a sewer)

   [ring of wizardry]

   It improves your spell success rate.
   rElec:     It insulates you from electricity.
   SInv:      It lets you see invisible.
   Drain:     It drains your maximum health when unequipped.
   *Slow:     It may slow you when you take damage.
 A - a ring of protection from cold (right front leg)
 B - a ring of wizardry (on tentacle)
Wands
 y - a wand of flame (15)
 C - a wand of polymorph (10)
Scrolls
 b - a scroll of enchant weapon
 h - 2 scrolls of fear
 l - 2 scrolls of poison
 n - 3 scrolls of summoning
 r - 3 scrolls of butterflies
 u - 3 scrolls of enchant armour
 x - 2 scrolls of brand weapon
 z - a scroll of blinking
Potions
 c - 5 potions of flight
 d - a potion of magic
 e - 5 potions of curing
 f - a potion of ambrosia
 g - 3 potions of invisibility
 m - 3 potions of might
 o - 2 potions of cancellation
 s - 2 potions of resistance
 t - 2 potions of brilliance
 v - 4 potions of haste
 w - 2 potions of lignification


   Skills:
 + Level 1.6 Fighting
 * Level 6.4 Dodging
 + Level 9.1 Unarmed Combat
 * Level 3.7 Spellcasting
 * Level 7.0 Transmutations
 * Level 4.0 Ice Magic
 + Level 2.8 Poison Magic
 + Level 0.2 Evocations


You had 3 spell levels left.
You knew the following spells:

 Your Spells              Type           Power      Damage    Failure   Level
a - Beastly Appendage     Tmut           50%        N/A       1%          1
b - Spider Form           Tmut/Pois      18%        N/A       5%          3
c - Wereblood             Tmut           25%        N/A       1%          2
d - Ice Form              Ice/Tmut       20%        N/A       11%         4
e - Summon Guardian Gole  Hex/Summ       3%         N/A       24%         3

Your spell library contained the following spells:

 Spells                   Type           Power      Damage    Failure   Level
 Ozocubu's Armour         Ice            15%        N/A       7%          3
 Metabolic Englaciation   Hex/Ice        4%         N/A       61%         5
 Orb of Destruction       Conj           1%         9d5       100%        7
 Spellforged Servitor     Conj/Summ      1%         N/A       100%        7
 Simulacrum               Ice/Necr       Unusable   N/A       N/A         6

Dungeon Overview and Level Annotations

Branches:
Dungeon (8/15)             Temple (1/1) D:7           Sewer (visited)
Ossuary (visited)          Bailey (1/1)
   Lair: D:8-11

Altars:
Ashenzari
Cheibriados
Dithmenos
Elyvilon
Gozag
Kikubaaqudgha
Nemelex Xobeh
Vehumet
Wu Jian
Yredelemnul
Zin
The Shining One

Shops:
D:7 *

Annotations:
D:4 2 transporters, TheSexyCheese's ghost, novice HOFi


Innate Abilities, Weirdness & Mutations

You are a venomous arachnid creature.
You have poisonous fangs.
You are tiny and dextrous.
Your spellcasting is less reliable in this form.
Your armour is entirely melded.
You are incapable of wielding weapons or throwing items.
You cannot wear most types of armour.
((You are amphibious.))
You can wear up to eight rings at the same time.
((Your skin changes colour to match your surroundings (Stealth+).))
((Your rubbery body absorbs attacks. (AC +1, EV +1)))
((You are camouflaged when in or above water. (Stealth+)))
((You have tentacles for arms and can constrict up to eight enemies at once.))


Message History

The orc warlord is engulfed in blazing flames.
You see here a +0 leather armour.
Unknown command.
Aiming: Throw Flame
Press: ? - help, Shift-Dir - straight line, f/p - orc warlord
Aim: an orc warlord, wielding a +5 battleaxe and wearing a +0 chain mail (heavily wounded, poisoned, 77% to hit)
The puff of flame hits the orc warlord but does no damage.
The orc warlord is heavily wounded.
Unknown command.
Casting: Summon Guardian Golem (dangerous; 13% risk of failure)
Confirm with . or Enter, or press ? or * to list all spells.
You turn into a venomous arachnid creature.
The orc warlord is engulfed in blazing flames.
Unknown command.
You hit the orc warlord.
The orc warlord looks even sicker.
The orc warlord is heavily wounded.
You hit the orc warlord but do no damage.
The orc warlord looks as sick as possible!
The orc warlord is heavily wounded.
The orc warlord is engulfed in blazing flames.
The orc warlord hits you with a +5 battleaxe!!
You are too injured to fight recklessly!
Unknown command.
You feel much better.
The orc warlord is engulfed in blazing flames.
The orc warlord hits you with a +5 battleaxe!!
Unknown command.
You hit the orc warlord but do no damage.
The orc warlord looks as sick as possible!
The orc warlord is severely wounded.
The orc warlord hits you with a +5 battleaxe!!
Ouch! That really hurt!
* * * LOW HITPOINT WARNING * * *
Unknown command.
You feel much better.
The orc warlord is engulfed in blazing flames.
The orc warlord hits you with a +5 battleaxe!!
Ouch! That really hurt!
You die...
Your body crumbles into a pile of gold.

#?......o.###..o.....}###........
###.....###.###.....###.###.....#
###.#'#.....###.###.....#'#.###
###.........###...((..))###
#...........#...........#
#...........#.§.........#
#.....⌠....)#[☼...⌠.....#
#.........)[o§○.........#
#..........s#)..........#
##.........###.........##
###.....### ###.....### ###.###
###.### ### ###


You could see an orc warlord (extremely poisoned).

Vanquished Creatures
  Joseph (D:8)
  Psyche (D:8)
  Duvessa (D:7)
  5 orc warriors (Bailey)
  A black bear (D:6)
  2 sky beasts (D:7)
  2 ogres (D:6)
  2 centaurs
  5 bullfrogs
  A scorpion (D:6)
  3 necrophages
  A water moccasin zombie (Ossuary)
  5 wights (D:4)
  Dowan (D:7)
  A howler monkey (D:5)
  5 hounds
  A jelly (D:4)
  An iguana (D:5)
  3 orc wizards
  2 mummies (Ossuary)
  4 gnolls (Bailey)
  10 adders
  4 river rats (Sewer)
  A shadow imp (D:5)
  4 adder zombies (Ossuary)
  2 worms (D:2)
  6 dart slugs
  15 orcs
  7 endoplasms
  3 giant cockroaches (D:3)
  3 gnoll zombies (Ossuary)
  21 goblins
  10 hobgoblins
  8 jackals
  6 kobolds
  2 quokkas
  23 ball pythons
  A bat (D:1)
  4 frilled lizards
  A goblin zombie (D:5)
  6 hobgoblin zombies (Ossuary)
  8 kobold zombies (Ossuary)
  4 orc zombies (Ossuary)
  27 rats
  A rat zombie (D:5)
225 creatures vanquished.

Vanquished Creatures (others)
  An orc warrior (Bailey)
1 creature vanquished.

Grand Total: 226 creatures vanquished

Notes
Turn   | Place    | Note
-------+----------+-------------------------------------------
     0 | D:1      | Icepheonix32 the Octopode Transmuter began the quest for
                  | the Orb.
     0 | D:1      | Reached XP level 1. HP: 13/13 MP: 3/3
   350 | D:1      | Reached XP level 2. HP: 18/18 MP: 3/5
  1271 | D:1      | Reached XP level 3. HP: 19/23 MP: 6/6
  1886 | D:2      | Found a faded altar of an unknown god.
  1901 | D:2      | Reached XP level 4. HP: 15/28 MP: 7/7
  2481 | D:3      | Noticed a necrophage
  2492 | D:3      | Killed a necrophage
  2493 | D:3      | Reached skill level 4 in Unarmed Combat
  2493 | D:3      | Reached XP level 5. HP: 31/33 MP: 6/8
  2766 | D:3      | Found a glowing drain.
  2773 | Sewer    | Entered a sewer
  2778 | Sewer    | Learned a level 3 spell: Spider Form
  2781 | Sewer    | Learned a level 2 spell: Wereblood
  3228 | Sewer    | Reached XP level 6. HP: 22/38 MP: 9/9
  3657 | Sewer    | Reached skill level 5 in Unarmed Combat
  3879 | Sewer    | Identified a scroll of acquirement
  3879 | Sewer    | Acquired the ring "Tudibur" {Wiz Drain *Slow rElec SInv}
  3996 | D:3      | Found a sparkling altar of Nemelex Xobeh.
  4734 | D:4      | Reached XP level 7. HP: 32/43 MP: 8/10
  4871 | D:4      | Found a transporter.
  4882 | D:4      | Noticed TheSexyCheese's ghost (novice HOFi)
  5167 | D:4      | Reached skill level 6 in Unarmed Combat
  5173 | D:4      | HP: 3/63 [wight/+3 mace (3)]
  5177 | D:4      | Reached skill level 5 in Transmutations
  5827 | D:4      | Found a transporter.
  5841 | D:4      | Learned a level 4 spell: Ice Form
  5901 | D:5      | Entered Level 5 of the Dungeon
  6120 | D:5      | Found a sand-covered staircase.
  6140 | Ossuary  | Entered an ossuary
  6166 | Ossuary  | Reached XP level 8. HP: 48/48 MP: 8/11
  6256 | Ossuary  | Reached skill level 1 in Ice Magic
  6603 | D:5      | Identified the ring "Siuver" {rF- rC+ MP+9 Dex+2 SInv}
  6676 | D:5      | Found a shadowy altar of Dithmenos.
  6954 | D:6      | Reached skill level 7 in Unarmed Combat
  7569 | D:6      | Reached skill level 1 in Poison Magic
  7570 | D:6      | Reached skill level 5 in Dodging
  7749 | D:6      | Found a radiant altar of Vehumet.
  7758 | D:6      | Found an ancient bone altar of Kikubaaqudgha.
  8319 | D:6      | Reached XP level 9. HP: 47/53 MP: 9/12
  8555 | D:7      | Noticed Duvessa
  8556 | D:7      | Noticed Dowan
  8572 | D:7      | Killed Duvessa
  8576 | D:7      | Killed Dowan
  8628 | D:7      | Reached skill level 8 in Unarmed Combat
  8952 | D:7      | Found Subuy's General Store.
  8960 | D:7      | Bought a potion of curing for 36 gold pieces
  9018 | D:7      | Found a staircase to the Ecumenical Temple.
  9024 | Temple   | Entered the Ecumenical Temple
  9211 | Temple   | Became a worshipper of Gozag Ym Sagoz the Greedy
  9259 | D:8      | Noticed Joseph
  9279 | D:8      | Killed Joseph
  9424 | D:8      | Noticed Psyche
  9434 | D:8      | Killed Psyche
  9539 | D:8      | Found a flagged portal.
  9550 | Bailey   | Entered a bailey
  9895 | Bailey   | Learned a level 3 spell: Summon Guardian Golem
  9911 | Bailey   | Reached XP level 10. HP: 49/59 MP: 6/15
  9919 | Bailey   | Reached skill level 9 in Unarmed Combat
  9969 | Bailey   | Noticed an orc warlord
 10210 | Bailey   | HP: 2/59 [orc warlord/+5 battleaxe (32)]
 10211 | Bailey   | Mangled by an orc warlord

Illustrated notes

Levels and vault maps discovered:
D:1:      saegor_arrival_simple_e, layout_loops_ring, grunt_decor_one_mirror
D:2:      layout_basic, chequers_ecumenical_altar_island
D:3:      layout_basic, lemuel_doored_altar, portal_sewer_entry_e
D:4:      layout_basic, gammafunk_ghost_smash, minmay_misc_feat_rows
D:5:      layout_loops_ring, grunt_dithmenos_shadows, enter_ossuary_4
D:6:      layout_gridville, mainiacjoe_overflow_swirl
D:7:      layout_rooms, minmay_temple_entry_enclosed_plants, serial_shops,
          nicolae_shop_advertising_works [nicolae_subvault_shop_adworks],
          uniq_duvessa
D:8:      layout_cave_pools, mainiacjoe_overflow_two_lobes, enter_bailey_6,
          uniq_psyche, uniq_joseph
Temple:   minmay_temple_curvy_branch
Bailey:   bailey_axe_minmay_hex_keep, bailey

Skill      XL: |  1  2  3  4  5  6  7  8  9 10 |
---------------+-------------------------------+-----
Transmutations | 3 4 5 6 7 |  7.0
Dodging        | 3 4 5 6 |  6.4
Unarmed Combat | 4 5 6 7 8 9 |  9.1
Ice Magic      | 2 4 |  4.0
Poison Magic   | 1 2 |  2.8
Spellcasting   | 3 |  3.7
Fighting       | |  1.6
Evocations     | |  0.2

Action                   |  1- 3 |  4- 6 |  7- 9 | 10-12 || total
-------------------------+-------+-------+-------+-------++-------
Melee: Unarmed           |    70 |   152 |   286 |    16 ||   524
       Kick              |    14 |    32 |    25 |       ||    71
       Constrict         |    21 |    40 |    34 |       ||    95
       Tentacles         |    15 |    19 |    36 |       ||    70
       Punch             |     1 |     3 |     7 |       ||    11
Throw: Dart              |       |       |       |     2 ||     2
 Cast: Beastly Appendage |    19 |    21 |     8 |       ||    48
       Wereblood         |       |     3 |    13 |       ||    16
       Spider Form       |       |     1 |    17 |     1 ||    19
       Ice Form          |       |       |     5 |     1 ||     6
       Summon Guardian G |       |       |     1 |     1 ||     2
 Abil: End Transformatio |       |       |     1 |       ||     1
Evoke: Wand              |       |       |     3 |     2 ||     5
  Use: Scroll            |     4 |     9 |     7 |     4 ||    24
       Potion            |       |       |     6 |     2 ||     8
 Stab: Sleeping          |     8 |     9 |     2 |       ||    19
       Distracted        |       |       |     1 |       ||     1
       Invisible         |       |       |     1 |       ||     1
Armor: Skin              |     6 |     8 |    32 |     1 ||    47
Dodge: Dodged            |    38 |   110 |   190 |     5 ||   343
